 Dungeon Crawl Stone Soup version 0.22.1-2-g9c5b331 (webtiles) character file.

851 Korkiloff the Skirmisher (level 7, -6/55 HPs)
             Began as a Demonspawn Abyssal Knight on Jan 4, 2019.
             Was a Priest of Lugonu.
             Mangled by an ogre
             ... wielding a +0 giant club
              (23 damage)
             ... on level 7 of the Dungeon.
             The game lasted 00:17:21 (4003 turns).

Korkiloff the Skirmisher (DsAK)                     Turns: 4003, Time: 00:17:21

Health: -6/55      AC:  9    Str: 19    XL:     7   Next: 69%
Magic:  5/9        EV:  7    Int: 13    God:    Lugonu [***...]
Gold:   345        SH:  3    Dex: 12    Spells: 6/6 levels left

rFire    . . .     SeeInvis .   a - +1 hand axe
rCold    . . .     Gourm    .   x - +0 buckler (curse)
rNeg     . . .     Faith    .   B - +0 chain mail
rPois    .         Spirit   .   t - +0 hat
rElec    .         Reflect  .   A - scarf {cloud immunity}
rCorr    .         Harm     .   (no gloves)
MR       .....                  (no boots)
Stlth    ..........             (no amulet)
HPRegen  0.18/turn              r - +4 ring of strength
MPRegen  0.11/turn              y - ring of stealth

@: no status effects
A: antennae 1, talons 1, blurry vision 1, mutation resistance 1, powered by pain
1
a: Depart the Abyss, Bend Space, Banish, Renounce Religion


You were on level 7 of the Dungeon.
You worshipped Lugonu.
Lugonu was most pleased with you.
You were hungry.

You visited 1 branch of the dungeon, and saw 7 of its levels.
You visited the Abyss 1 time.

You collected 345 gold pieces.

Inventory:

Hand Weapons
 a - a +1 hand axe (weapon)
 m - a +0 hunting sling
Missiles
 k - 38 bolts
 n - 188 stones
 q - 123 arrows
 u - 4 tomahawks
 z - 3 javelins (quivered)
 C - 18 sling bullets
Armour
 b - a +0 leather armour
 g - a +0 ring mail
 t - a +0 hat (worn)
 x - a cursed +0 buckler (worn)
 A - a scarf of cloud immunity (worn)
 B - a +0 chain mail (worn)
Jewellery
 r - a +4 ring of strength (left hand)
 s - a +3 ring of intelligence
 y - a ring of stealth (right hand)
Scrolls
 e - a scroll of blinking {unknown}
 f - 2 scrolls of magic mapping {unknown}
 h - 2 scrolls of amnesia {unknown}
 j - 6 scrolls of teleportation {unknown}
 p - 3 scrolls of remove curse {unknown}
 w - 2 scrolls of identify {unknown}
Potions
 d - 2 potions of curing
 l - a potion of mutation
 v - a potion of lignification {unknown}
Comestibles
 c - 13 rations


   Skills:
 + Level 4.9 Fighting
 + Level 4.4 Axes
 + Level 1.5 Throwing
 + Level 4.6 Armour
 + Level 2.5 Dodging
 + Level 1.2 Stealth
 + Level 0.3 Shields
 + Level 2.6 Invocations


You had 6 spell levels left.
You didn't know any spells.
Your spell library was empty.

Dungeon Overview and Level Annotations

Branches:
Dungeon (7/15)
 Temple: D:4-7

Altars:
Gozag
Hepliaklqana
Sif Muna
Trog
Zin

Shops:
D:4 (


Innate Abilities, Weirdness & Mutations

You have a pair of small antennae on your head.
You have sharp toenails.
You sometimes gain a little power by taking damage.
Scrolls take you a little longer to read.
You are somewhat resistant to further mutation.


Message History

You hit the orc but do no damage. You claw the orc, but do no damage.
The orc is severely wounded.
The orc hits you but does no damage.
You slash the orc!
You kill the orc!
Lugonu accepts your kill.
Throwing (i - inventory. (/) - cycle)
z - 5 javelins (quivered)
Press: ? - help, Shift-Dir - straight line, f - ogre
Aim: an ogre, wielding a giant club You throw a javelin.
The javelin barely misses the ogre.
Throwing (i - inventory. (/) - cycle)
z - 4 javelins (quivered)
Press: ? - help, Shift-Dir - straight line, f/p - ogre
Aim: an ogre, wielding a giant club You throw a javelin.
The javelin hits the ogre!
The ogre is heavily wounded.
You slash the ogre!
The ogre is severely wounded.
Your resistance to elements expires.
The ogre hits you with a giant club!!
You die...

#.#...... #.#......
#.#...... #######
#.#......
#.....######.#......
###.#.#...##.#...<..
#.#.#...o...o.....
#ยง#.#...##........
#@#o#...#####.....
#O#.....$......O..
#(#.#.#######.....
#.###.# #..... ..(
..# #..).. #######
...


You could see an ogre.

Vanquished Creatures
  The ghost of JustSomeDude the Sneak, an amateur DsAs (D:3)
  An orc warrior (D:5)
  A phantom (D:5)
  A bullfrog (D:6)
  A crimson imp (D:5)
  5 worker ants
  A gnoll (D:5)
  5 adders
  A shadow imp (D:5)
  An ooze (D:1)
  An adder skeleton (D:5)
  2 worms
  4 dart slugs
  3 leopard geckos
  17 orcs
  2 ball pythons
  8 bats
  4 giant cockroaches
  7 goblins
  8 hobgoblins
  6 jackals
  7 kobolds
  2 quokkas
  6 frilled lizards
  A leopard gecko skeleton (D:4)
  A quokka skeleton (D:4)
  6 rats
103 creatures vanquished.

Vanquished Creatures (others)
  An orc warrior (D:7)
1 creature vanquished.

Grand Total: 104 creatures vanquished

Notes
Turn   | Place    | Note
-------+----------+-------------------------------------------
     0 | Abyss:1  | Korkiloff the Demonspawn Abyssal Knight began the quest for
                  | the Orb.
     0 | Abyss:1  | Reached XP level 1. HP: 18/18 MP: 2/2
    16 | D:1      | Escaped the Abyss
   103 | D:1      | Gained mutation: You have sharp toenails. [demonic
                  | ancestry]
   103 | D:1      | Reached XP level 2. HP: 14/24 MP: 3/3
   246 | D:1      | Reached skill level 1 in Dodging
   321 | D:1      | Reached XP level 3. HP: 18/29 MP: 4/4
   508 | D:1      | Reached ** piety under Lugonu
  1164 | D:2      | Gained mutation: You sometimes gain a little power by
                  | taking damage. [demonic ancestry]
  1164 | D:2      | Reached XP level 4. HP: 28/37 MP: 5/5
  1228 | D:2      | Found a hazy altar of Hepliaklqana.
  1350 | D:3      | Found a deep blue altar of Sif Muna.
  1639 | D:3      | Found a runed gate.
  1640 | D:3      | Found a runed gate.
  1640 | D:3      | Noticed JustSomeDude's ghost (amateur DsAs)
  1641 | D:3      | Found a runed gate.
  1936 | D:3      | Reached *** piety under Lugonu
  2110 | D:3      | Found a glowing silver altar of Zin.
  2248 | D:3      | Killed JustSomeDude's ghost
  2248 | D:3      | Reached XP level 5. HP: 40/43 MP: 6/6
  2248 | D:3      | Gained mutation: You have a pair of small antennae on your
                  | head. [demonic ancestry]
  2248 | D:3      | Reached XP level 6. HP: 45/49 MP: 7/7
  2778 | D:4      | Found Mysorgh's Weapon Boutique.
  3001 | D:5      | Entered Level 5 of the Dungeon
  3176 | D:5      | Found an opulent altar of Gozag.
  3212 | D:5      | Noticed an orc warrior
  3235 | D:5      | Killed an orc warrior
  3235 | D:5      | Reached skill level 1 in Stealth
  3235 | D:5      | Reached XP level 7. HP: 41/55 MP: 8/8
  3399 | D:5      | Reached skill level 1 in Throwing
  3855 | D:6      | Found a bloodstained altar of Trog.
  3958 | D:6      | Gained mutation: Scrolls take you a little longer to read.
                  | [potion of mutation]
  3958 | D:6      | Gained mutation: You are somewhat resistant to further
                  | mutation. [potion of mutation]
  4003 | D:7      | Mangled by an ogre

Skill      XL: |  1  2  3  4  5  6  7 |
---------------+----------------------+-----
Armour         | 2 3 4 |  4.6
Dodging        | 1 2 |  2.5
Axes           | 2 3 4 |  4.4
Fighting       | 4 |  4.9
Stealth        | 1 |  1.2
Throwing       | 1 |  1.5
Shields        | |  0.3
Invocations    | |  2.6

Action                   |  1- 3 |  4- 6 |  7- 9 || total
-------------------------+-------+-------+-------++-------
Melee: Hand axe          |   108 |   162 |    69 ||   339
       Kick              |    17 |    38 |    14 ||    69
Throw: Javelin           |       |    11 |     9 ||    20
       Tomahawk          |       |     4 |       ||     4
Invok: Banish            |       |       |     1 ||     1
  Use: Potion            |       |     5 |     3 ||     8
 Stab: Sleeping          |       |     1 |       ||     1
  Eat: Chunk             |     1 |     6 |     3 ||    10
Armor: Leather armour    |    27 |       |       ||    27
       Ring mail         |     8 |    43 |       ||    51
       Chain mail        |       |       |    42 ||    42
Dodge: Dodged            |    57 |    78 |    27 ||   162
Block: Buckler           |       |     5 |    10 ||    15
